 Dungeon Crawl Stone Soup version 0.20-a0-1017-gc3250ce (webtiles) character file.

480 Hybris the Cudgeler (level 6, -1/55 HPs)
             Began as a Troll Fighter on Apr 16, 2017.
             Was an Initiate of Hepliaklqana.
             Slain by an ogre
             ... wielding a +0 giant spiked club
              (27 damage)
             ... on level 5 of the Dungeon.
             The game lasted 00:07:58 (3940 turns).

Hybris the Cudgeler (Troll Fighter)                 Turns: 3940, Time: 00:07:59

Health: -1/55      AC:  5    Str: 27    XL:     6   Next: 86%
Magic:  5/5        EV: 10    Int:  2    God:    Hepliaklqana [......]
Gold:   287        SH:  0    Dex:  9    Spells: 5/5 levels left

rFire    . . .     SeeInvis .   v - +0 giant spiked club
rCold    + . .     Gourm    +   (shield currently unavailable)
rNeg     . . .     Faith    .   b - +0 robe
rPois    .         Spirit   .   (helmet restricted)
rElec    .         Reflect  .   (no cloak)
rCorr    .         Harm     .   (gloves unavailable)
MR       .....                  (boots unavailable)
Stlth    +.........             (no amulet)
Regen    0.6/turn               s - +1 ring of slaying
MPRegen  0.1/turn               (no ring)

@: no status effects
A: unfitting armour, reduced essence, claws 3, cold resistance 1, dopey 1, fast
metabolism 3, gourmand, sense surroundings 1, regeneration 1, shaggy fur 1,
tough skin 2
a: Recall Ancestor, Ancestor Identity, Renounce Religion


You were on level 5 of the Dungeon.
You worshipped Hepliaklqana.
Hepliaklqana was noncommittal.
You were not hungry.

You visited 2 branches of the dungeon, and saw 6 of its levels.

You collected 287 gold pieces.

Inventory:

Hand Weapons
 a - a +0 flail
 j - a +0 mace of holy wrath
 v - a +0 giant spiked club (weapon)
Missiles
 h - 76 stones (quivered)
 k - 4 tomahawks
Armour
 b - a +0 robe (worn)
 c - a +0 shield
Jewellery
 s - a +1 ring of slaying (left claw)
Wands
 x - a wand of acid (10/15)
Scrolls
 e - a scroll of identify
 m - a scroll of blinking
 o - a scroll of immolation {unknown}
 p - 2 scrolls of remove curse
 t - a scroll of amnesia {unknown}
 u - a scroll of teleportation
 w - a scroll of noise {unknown}
Potions
 d - a potion of might
 q - 2 potions of curing {unknown}
 r - 2 potions of resistance {unknown}
Comestibles
 f - 5 bread rations
 g - a royal jelly
 i - 2 meat rations
 l - 2 fruits


   Skills:
 + Level 4.2 Fighting
 * Level 5.6 Maces & Flails
 - Level 2.4 Dodging
 - Level 2.4 Shields


You had 5 spell levels left.
You didn't know any spells.

Dungeon Overview and Level Annotations

Branches:
Dungeon (5/15)             Temple (1/1) D:4

Altars:
Ashenzari
Cheibriados
Dithmenos
Elyvilon
Fedhas
Gozag
Hepliaklqana
Kikubaaqudgha
Nemelex Xobeh
Trog
Vehumet
Xom
Zin
The Shining One


Innate Abilities, Weirdness & Mutations

You are too large for most types of armour.
You have claws for hands.
Your metabolism is lightning-fast.
You like to eat raw meat.
Your natural rate of healing is unusually fast.
You are covered in fur. (AC +1)
You have very tough skin. (AC +2)
Your life essence is reduced. (-10% HP)
Your flesh is cold resistant. (rC+)
You are dopey. (Int -2)
You passively map a small area around you.


Message History

There is a stone staircase leading down here.
You climb downwards.
There is a stone staircase leading up here.
You found a teleport trap!
Found a robe.
i - 2 meat rations (gained 1)
You see here a robe.
An ogre comes into view. It is wielding a giant spiked club.
The ogre shouts!
An ogre is nearby!
You sock the ogre!
The ogre is severely wounded.
The ogre hits you with a giant spiked club!!
Ouch! That really hurt!
You are too injured to fight recklessly!
You are too injured to fight recklessly!
You barely miss the ogre.
The ogre is severely wounded.
The ogre hits you with a giant spiked club!!
You die...

, , * , ** , ,
, > , , * * ,
,, * * * .# * *
#.# * , * * #
..# # *,,... *
..*
###.########..#
..*
.........@O...#
.#
##.##..####..#*
, .# # #.....#
... .#
#.*####[## *, #
.######.#####.#
..............#
* *
.########.#####
.# ##.## .#
#...#


You could see an ogre.

Vanquished Creatures
  A phantom (D:4)
  An ogre (D:4)
  A crimson imp (D:3)
  Natasha (twice) (D:3)
  An iguana (D:4)
  An orc wizard (D:3)
  A worker ant (D:4)
  7 adders
  3 worms
  4 dart slugs
  4 leopard geckos
  4 orcs (D:3)
  5 bats
  3 giant cockroaches
  6 goblins
  4 hobgoblins
  2 jackals (D:4)
  10 kobolds
  A quokka (D:2)
  A ball python (D:3)
  A ball python skeleton (D:4)
  6 frilled lizards
  A leopard gecko skeleton (D:4)
  8 rats
78 creatures vanquished.

Notes
Turn   | Place    | Note
-------+----------+-------------------------------------------
     0 | D:1      | Hybris the Troll Fighter began the quest for the Orb.
     0 | D:1      | Reached XP level 1. HP: 22/22 MP: 0/0
   128 | D:1      | Reached skill level 2 in Maces & Flails
   239 | D:1      | Reached XP level 2. HP: 29/29 MP: 1/1
   276 | D:1      | Upgraded the game from 0.20-a0-1015-g2ec8a95 to 0.20-a0-1017-gc3250ce
   688 | D:2      | Reached XP level 3. HP: 20/36 MP: 2/2
   696 | D:2      | HP: 2/54 [goblin (2)]
   702 | D:2      | HP: 2/55 [poisoned by an adder]
  1311 | D:2      | Reached skill level 3 in Maces & Flails
  1508 | D:2      | Found a glowing silver altar of Zin.
  1648 | D:3      | Reached XP level 4. HP: 34/45 MP: 3/3
  2441 | D:3      | Noticed Natasha
  2448 | D:3      | Killed Natasha
  2448 | D:3      | Reached XP level 5. HP: 41/53 MP: 4/4
  2500 | D:3      | Noticed Natasha
  2513 | D:3      | Killed Natasha
  2513 | D:3      | Reached skill level 4 in Maces & Flails
  2977 | D:4      | Noticed a phantom
  3005 | D:4      | Killed a phantom
  3005 | D:4      | Reached skill level 5 in Maces & Flails
  3005 | D:4      | Reached XP level 6. HP: 58/62 MP: 5/5
  3283 | D:4      | Found a shattered altar of Ashenzari.
  3644 | D:4      | Found a staircase to the Ecumenical Temple.
  3665 | Temple   | Entered the Ecumenical Temple
  3788 | Temple   | Became a worshipper of Hepliaklqana the Forgotten
  3827 | D:4      | Gained mutation: Your body sometimes deteriorates upon taking damage. [potion of mutation]
  3827 | D:4      | Gained mutation: You are somewhat resistant to further mutation. [potion of mutation]
  3828 | D:4      | Lost mutation: You are somewhat resistant to further mutation. [potion of mutation]
  3828 | D:4      | Lost mutation: Your body sometimes deteriorates upon taking damage. [potion of mutation]
  3828 | D:4      | Gained mutation: You are dopey. (Int -2) [potion of mutation]
  3828 | D:4      | Gained mutation: You passively map a small area around you. [potion of mutation]
  3828 | D:4      | Gained mutation: Your flesh is cold resistant. (rC+) [potion of mutation]
  3856 | D:5      | Entered Level 5 of the Dungeon
  3940 | D:5      | Slain by an ogre

Vault maps used:
D:1:      lightli_arrival_windingriver
D:2:      marbit_many_paths, first_bread
D:3:      uniq_natasha
D:4:      kennysheep_little_box, temple_statues
D:5:      nicolae_qazlal_general_emergency
Temple:   nicolae_temple_hex_pool

Skill      XL: |  1  2  3  4  5  6 |
---------------+-------------------+-----
Maces & Flails | 2 3 5 |  5.6
Fighting       | 3 4 |  4.2
Dodging        | |  2.4
Shields        | |  2.4

Action                   |  1- 3 |  4- 6 || total
-------------------------+-------+-------++-------
Melee: Flail             |    63 |       ||    63
       Mace              |    96 |   179 ||   275
       Giant spiked club |       |    17 ||    17
  Use: Potion            |     1 |     2 ||     3
       Scroll            |       |     4 ||     4
  Eat: Chunk             |    19 |    16 ||    35
Armor: Robe              |    54 |    45 ||    99
       Skin              |    27 |       ||    27
Dodge: Dodged            |    63 |    55 ||   118
Block: Shield            |    83 |    72 ||   155
